Map: Piliers d'or EC

Players

IA (élite)

  • Race: Zerg Zerg
  • Spawn Location: 1:00

Prøject - Winner!

  • Race: Terran Terran
  • League: Master
  • Spawn Location: 7:00

VOD

Have the link to the VOD?

Description

Time

  • Played on: Jan. 22, 2021, 9:01 p.m.
  • Length: 8:44
Show
View Real Time Build Order
Export as new Build Order

IA (élite) Zerg 

Build Orders: Pool First 

Get SALT Encoding   

  12  0:00  Drone  
  13  0:12  Overlord  
  13  0:17  Drone  
  14  0:30  Drone x2  
  16  0:43  Spawning Pool  
  16  0:46  Drone  
  16  0:50  Drone  
  17  1:12  Hatchery  
  17  1:15  Drone  
  17  1:18  Extractor  
  16  1:19  Extractor  
  16  1:22  Drone  
  16  1:25  Drone  
  16  1:30  Drone  
  18  1:38  Drone  
  19  1:49  Overlord  
  19  1:59  Queen  
  21  2:04  Zergling x2  
  22  2:10  Drone  
  22  2:21  Drone  
  23  2:34  Queen  
  25  2:40  Drone  
  25  2:44  Zergling x2  
  25  2:48  Drone  
  27  2:53  Drone  
  27  2:57  Drone  
  29  3:12  Roach Warren  
  28  3:13  Drone  
  28  3:16  Zergling x2  
  29  3:20  Drone  
  29  3:23  Zergling x2  
  31  3:27  Zergling x2  
  31  3:33  Overlord  
  31  3:38  Drone  
  31  3:40  Drone  
  33  3:44  Drone  
  34  3:53  Roach x2  
  38  3:58  Roach  
  38  4:02  Roach  
  42  4:09  Lair  
  42  4:13  Overlord  
  42  4:18  Overlord  
  42  4:22  Zergling x2  
  42  4:24  Zergling x2  
  43  4:27  Zergling x2  
  44  4:31  Zergling x2  
  44  4:32  Drone  
  44  4:34  Drone  
  44  4:37  Drone  
  48  4:39  Drone  
  48  4:42  Drone  
  50  4:47  Overlord  
  50  4:51  Roach  
  52  4:55  Roach  
  52  4:58  Roach  
  56  5:08  Hydralisk Den, Drone  
  56  5:11  Drone  
  56  5:13  Drone  
  58  5:16  Drone  
  58  5:20  Overlord  
  59  5:22  Drone  
  59  5:24  Drone  
  59  5:26  Drone  
  63  5:28  Drone  
  63  5:30  Drone  
  63  5:32  Drone  
  63  5:35  Drone  
  66  5:38  Hydralisk, Drone  
  66  5:40  Overlord  
  69  5:44  Hydralisk  
  69  5:45  Drone  
  69  5:47  Drone  
  69  5:49  Drone  
  74  5:50  Drone  
  75  5:58  Overlord  
  75  6:00  Infestation Pit  
  75  6:03  Drone  
  75  6:05  Roach  
  75  6:08  Roach  
  75  6:10  Roach  
  81  6:17  Overlord  
  81  6:21  Metabolic Boost  
  81  6:24  Evolution Chamber  
  80  6:32  Ravager  
  81  6:34  Evolution Chamber  
  81  6:35  Ravager, Roach  
  81  6:37  Infestor, Drone  
  81  6:39  Roach  
  88  6:42  Hatchery  
  87  6:49  Zerg Missile Weapons Level 1, Drone  
  87  6:52  Infestor  
  90  6:55  Overlord  
  90  7:00  Evolution Chamber, Hydralisk  
  91  7:05  Hydralisk  
  93  7:10  Extractor  
  93  7:11  Drone  
  93  7:15  Extractor  
  92  7:16  Drone  
  92  7:20  Overseer  
  93  7:28  Spine Crawler  
  93  7:29  Drone  
  93  7:32  Drone  
  93  7:33  Overlord, Drone x2  
  93  7:34  Spine Crawler  
  93  7:35  Drone  
  93  7:37  Drone x3  
  97  7:39  Zergling x4  
  97  7:40  Zergling x2  
  97  7:41  Baneling Nest  
  97  7:42  Drone  
  89  7:45  Roach  
  89  7:48  Roach  
  60  7:52  Roach  
  60  7:54  Roach  
  59  8:00  Zergling x2  
  15  8:22  Zergling x2  
Show
View Real Time Build Order
Export as new Build Order

Prøject Terran - Winner!

Build Orders: Reaper Expand 

Get SALT Encoding   

  12  0:00  SCV  
  13  0:12  SCV  
  14  0:18  Supply Depot  
  14  0:25  SCV  
  15  0:39  SCV  
  15  0:41  Barracks  
  16  0:46  Refinery  
  16  0:51  SCV  
  17  1:03  SCV  
  18  1:15  SCV  
  19  1:29  Orbital Command, Reaper  
  20  1:43  Command Center  
  20  1:53  Supply Depot  
  20  1:55  SCV  
  21  2:02  Marine  
  22  2:10  SCV  
  23  2:19  Factory  
  23  2:24  SCV  
  23  2:26  Refinery  
  23  2:28  Barracks Reactor  
  24  2:36  SCV  
  25  2:48  SCV  
  26  2:59  Orbital Command  
  26  3:00  SCV  
  26  3:04  Factory Tech Lab  
  27  3:06  Marine x2  
  27  3:12  SCV  
  30  3:14  Starport  
  30  3:23  Siege Tank  
  30  3:24  Marine, SCV  
  30  3:25  Supply Depot  
  36  3:27  SCV  
  36  3:36  SCV  
  36  3:38  Marine  
  36  3:40  SCV  
  39  3:42  Marine  
  40  3:50  Supply Depot, SCV  
  40  3:51  Viking  
  40  3:53  SCV  
  45  4:02  SCV  
  45  4:05  SCV  
  45  4:08  Factory Reactor  
  46  4:12  Stimpack  
  46  4:14  SCV  
  47  4:18  Command Center, SCV  
  47  4:23  Supply Depot  
  48  4:26  Starport Reactor  
  48  4:30  SCV  
  49  4:33  SCV  
  50  4:39  Barracks x2  
  50  4:42  SCV  
  51  4:46  Engineering Bay x2  
  50  4:56  SCV  
  50  4:58  Refinery  
  50  4:59  Refinery  
  51  5:01  SCV  
  52  5:07  Barracks, Factory Tech Lab  
  52  5:08  SCV  
  52  5:10  Starport Reactor  
  52  5:12  Barracks  
  53  5:15  SCV  
  54  5:22  Terran Infantry Weapons Level 1, Terran Infantry Armor Level 1  
  54  5:24  SCV  
  55  5:34  SCV  
  55  5:35  Siege Tank  
  59  5:36  Orbital Command  
  59  5:39  SCV  
  59  5:40  Marine  
  59  5:41  Marine  
  62  5:45  Marine  
  64  5:50  Marine  
  64  5:52  Combat Shield  
  65  6:02  Marine x2  
  65  6:03  Barracks Reactor  
  65  6:04  Medivac x2  
  68  6:08  Supply Depot  
  68  6:10  Supply Depot  
  70  6:18  Marine, Siege Tank  
  70  6:19  Marine x4  
  78  6:36  Marine x2  
  78  6:37  Marine x2  
  78  6:38  Medivac  
  78  6:39  Medivac  
  86  6:40  Marine x2  
  86  6:41  Marine x3  
  91  6:50  Siege Tank  
  94  6:54  Marine x3  
  94  6:57  Marine  
  94  6:58  Marine  
  94  7:00  Supply Depot x2  
  99  7:02  Marine x2  
  99  7:08  Marine x2  
  103  7:12  Marine x3  
  103  7:15  Marine  
  107  7:20  Medivac  
  107  7:21  Medivac  
  114  7:22  Siege Tank  
  114  7:29  Supply Depot  
  114  7:32  Supply Depot, Marine x4  
  114  7:36  Marine x3  
  121  7:43  Marine x2  
  119  7:50  Marine x4  
  119  7:51  Medivac x2  
  124  7:53  Marine  
  124  7:54  Marine  
  124  7:55  Marine  
  129  8:01  Marine x2  
  129  8:02  Siege Tank  
  134  8:08  Marine x3  
  134  8:12  Marine x2  
  137  8:13  Marine  
  137  8:19  Marine  
  140  8:20  Marine x2  
  140  8:25  Supply Depot, Marine  
  140  8:26  Supply Depot  
Tags
 
Add a new tag
Caveats
  • Supply blocks, unpowered buildings, or Contaminate may cause inaccurate times.
  • Supply counts are checked every 10 seconds.